[Event "Early-Titled-Tuesday-Blitz-May-28-2024"]
[Site "Chess.com"]
[Date "2024.05.28"]
[Round "10"]
[White "GoValya"]
[Black "jamesaltucher"]
[Result "1-0"]
[WhiteElo "2226"]
[BlackElo "2053"]
[TimeControl "180+1"]
[EndTime "9:58:31 PDT"]
[Termination "GoValya won on time"]

1. d4 Nf6 2. c4 g6 3. g3 Bg7 4. Bg2 c5 5. d5 O-O 6. Nc3 d6 7. h3 e6 8. Nf3 exd5 9. cxd5 Bf5 10. O-O Ne4 11. Nh4 Nxc3 12. bxc3 Bc8 13. Qb3 Qb6 14. Bf4 Rd8 15. Qc2 Qa5 16. Rac1 c4 17. Rfd1 Na6 18.
Nf3 Nc5 19. Nd4 Bd7 20. Qd2 Ba4 21. Re1 Qc7 22. Rb1 a6 23. g4 Nd7 24. Bh6 Nf6 25. e4 Re8 26. Bxg7 Kxg7 27. f4 Re7 28. g5 Nd7 29. f5 Ree8 30. f6+ Kh8 31. Qf4 Nc5 32. Re3 Nd3 33. Qh4 Rg8 34. Bf1 Ne5 35. Nf3 Rae8 36.
Nd2 Bb5 37. Qf2 Qd7 38. Nf3 Nxf3+ 39. Qxf3 h5 40. gxh6 Kh7 41. Qf4 Re5 42. Kh2 Rh5 43. Bg2 Re8 44. Rf1 Ree5 45. Rg3 Qd8 46. Rg4 Bd7 47. Rh4 Rxh4 48. Qxh4 Rh5 49. Qf4 Qc8 50. Re1 Bxh3 51. Kg1 Bxg2 52. Kxg2 Qh3+ 53. Kf2 1-0

[Event "Early-Titled-Tuesday-Blitz-May-28-2024"]
[Site "Chess.com"]
[Date "2024.05.28"]
[Round "10"]
[White "karinachess1"]
[Black "FlemingA"]
[Result "1-0"]
[WhiteElo "2604"]
[BlackElo "2472"]
[TimeControl "180+1"]
[EndTime "9:58:34 PDT"]
[Termination "karinachess1 won by checkmate"]

1. d4 g6 2. e4 Bg7 3. Nc3 c5 4. dxc5 Qa5 5. Nf3 Qxc5 6. Be3 Qa5 7. Bd3 a6 8. O-O d6 9. Nd5 Nd7 10. c3 Ngf6 11. Bb6 Nxb6 12. b4 Qa4 13. Nxb6 Qxd1 14.
Raxd1 Rb8 15. e5 Nd7 16. Nxc8 Rxc8 17. exd6 Bxc3 18. b5 a5 19. dxe7 Kxe7 20. Be4 Rc7 21. Rc1 Rhc8 22. h4 Bb4 23. Rxc7 Rxc7 24. Rd1 Nc5 25. Bc2 Rd7 26. Rxd7+ Nxd7 27. Kf1 h6 28. Bb3 f6 29. Ke2 Kd6 30. Bf7 g5 31. h5 Kc5 32.
Kd3 Kxb5 33. Be8 Kc6 34. Nd4+ Kc7 35. Ke4 Nc5+ 36. Kf5 Bc3 37. Nb5+ Kd8 38. Nxc3 Kxe8 39. Kxf6 Nd3 40. Ne4 b5 41. Nd6+ Kd7 42. Nxb5 Nxf2 43. Kg6 Ng4 44. Nd4 Kd6 45. Nf5+ Ke5 46. Nxh6 Ne3 47. Nf7+ Kf4 48. h6 Ng4 49. h7 Ne5+ 50. Nxe5 Kxe5 51. h8=Q+ Kf4 52. Qf6+ Kg4 53. Qxg5# 1-0

[Event "Early-Titled-Tuesday-Blitz-May-28-2024"]
[Site "Chess.com"]
[Date "2024.05.28"]
[Round "10"]
[White "Lily_Schirmbeck"]
[Black "chessamical"]
[Result "0-1"]
[WhiteElo "1838"]
[BlackElo "2281"]
[TimeControl "180+1"]
[EndTime "9:58:34 PDT"]
[Termination "chessamical won by resignation"]

1. d4 Nf6 2. c4 e6 3. Nc3 Bb4 4. Nf3 O-O 5. Qc2 c5 6. a3 Bxc3+ 7. bxc3 d5 8. e3 b6 9. Be2 Ba6 10. cxd5 Bxe2 11. Qxe2 exd5 12. O-O Nc6 13. Bb2 c4 14. a4 Re8 15. Qc2 Ne4 16. Nd2 Nxd2 17. Qxd2 a6 18.
Rfe1 Na5 19. Qc2 Nb3 20. Rad1 b5 21. axb5 axb5 22. Qb1 Qa5 23. e4 Qa2 24. exd5 Qxb1 25. Rxb1 f6 26. f3 Kf7 27. Kf2 Rxe1 28. Rxe1 Ra2 29. Re2 g6 30. d6 Ra7 31. Re7+ Rxe7 32. dxe7 Kxe7 33. Ba3+ Ke6 34. Ke3 Kd5 35. Bb4 Nc1 36.
Kf4 Nd3+ 37. Ke3 Nxb4 38. cxb4 f5 39. g3 g5 40. f4 g4 41. Kd2 Kxd4 42. Kc2 c3 43.
Kd1 Kc4 44. Kc2 Kxb4 45. Kc1 Kb3 46. Kb1 c2+ 47. Kc1 h5 48. Kd2 Kb2 49. Kd3 c1=Q 50. Ke2 Qc2+ 51. Kf1 Qxh2 52. Ke1 Qxg3+ 53. Kf1 Qxf4+ 54.
Kg1 Qd2 55. Kh1 Kc3 56. Kg1 b4 57. Kh1 b3 58. Kg1 b2 0-1

[Event "Early-Titled-Tuesday-Blitz-May-28-2024"]
[Site "Chess.com"]
[Date "2024.05.28"]
[Round "10"]
[White "Kors67"]
[Black "RespectfulDaveOnYouTube"]
[Result "1-0"]
[WhiteElo "2293"]
[BlackElo "2477"]
[TimeControl "180+1"]
[EndTime "9:58:39 PDT"]
[Termination "Kors67 won on time"]

1. e4 d5 2. exd5 c6 3. dxc6 Nxc6 4. Nf3 e5 5. d3 Bd6 6. Be2 Nge7 7. O-O O-O 8. Re1 Qc7 9. Nc3 a6 10. Ne4 Bb4 11. Bd2 f5 12. Bxb4 fxe4 13. Bxe7 exf3 14. Bxf8 fxe2 15. Qxe2 Kxf8 16. Qe4 Kg8 17. c3 Qf7 18. d4 Bf5 19. Qe3 e4 20. f3 Re8 21. fxe4 Bxe4 22. Qf2 Qg6 23. Re3 Bd5 24. Rxe8+ Qxe8 25. Re1 Qg6 26.
b3 b5 27. Qe2 h6 28. c4 bxc4 29. bxc4 Nxd4 30. Qe8+ Qxe8 31. Rxe8+ Kf7 32. Rc8 Be6 33. Rc7+ Kf6 34. Kf2 h5 35. Ke3 Nf5+ 36. Kd3 g5 37. Rc6 Ke5 38. Rxa6 Nd6 39. Rc6 Bf5+ 40. Kc3 Ne4+ 41.
Kb4 Nd2 42. Rc5+ Ke6 43. a4 Kf6 44. a5 Be4 45. a6 Bxg2 46. a7 h4 47. Rd5 1-0

[Event "Early-Titled-Tuesday-Blitz-May-28-2024"]
[Site "Chess.com"]
[Date "2024.05.28"]
[Round "10"]
[White "andrzej"]
[Black "Irina_Mikhaylova"]
[Result "1/2-1/2"]
[WhiteElo "2474"]
[BlackElo "2354"]
[TimeControl "180+1"]
[EndTime "9:58:39 PDT"]
[Termination "Game drawn - insufficient material"]

1. e4 c5 2. Nf3 Nc6 3. d4 cxd4 4. Nxd4 e5 5. Nb5 d6 6. N1c3 a6 7. Na3 b5 8. Nd5 Nge7 9. Bd3 Nxd5 10. exd5 Ne7 11. c4 b4 12. Nc2 a5 13. O-O Ng6 14. Ne3 Be7 15. Nf5 O-O 16. Qh5 Bf6 17. Re1 a4 18. Be4 Bxf5 19. Bxf5 e4 20. Rxe4 a3 21. Re2 Re8 22. Rb1 Rxe2 23. Qxe2 axb2 24. Bxb2 Rxa2 25. Bxf6 Qxf6 26. Qxa2 Qxf5 27. Qa8+ Nf8 28. Rxb4 Qe4 29. Qa1 h6 30. Rb6 Qxc4 31. Rxd6 Ng6 32. g3 Kh7 33. Rxg6 Kxg6 34. Qe5 f6 35. Qe6 h5 36. h4 Qc1+ 37. Kg2 Qc4 38. Kh2 Qd4 39. Qe8+ Kh6 40. Qe3+ Qxe3 41. fxe3 Kg6 42. Kg2 Kf5 43.
Kf3 Ke5 44. e4 f5 45. exf5 Kxf5 46. g4+ hxg4+ 47. Kg3 Ke5 48. Kxg4 Kxd5 49. Kg5 Ke5 50. Kg6 Kf4 51. h5 Kg4 52. Kxg7 Kxh5 1/2-1/2

[Event "Early-Titled-Tuesday-Blitz-May-28-2024"]
[Site "Chess.com"]
[Date "2024.05.28"]
[Round "10"]
[White "GeorgiosSouleidis"]
[Black "MaiqMaster"]
[Result "1/2-1/2"]
[WhiteElo "2606"]
[BlackElo "2479"]
[TimeControl "180+1"]
[EndTime "9:58:40 PDT"]
[Termination "Game drawn by repetition"]

1. e4 c5 2. Be2 e6 3. d3 Nc6 4.
f4 d5 5. Nf3 dxe4 6. dxe4 Qxd1+ 7. Bxd1 b6 8. c3 Bb7 9. Bc2 Nf6 10. Be3 Be7 11. Nbd2 O-O 12. O-O-O Rfd8 13. h3 Rd7 14. g4 Rad8 15. Rhg1 Na5 16. g5 Ne8 17. Ne5 Rc7 18.
h4 Ba6 19. b3 Bd6 20. Ndf3 Rcc8 21. Rd2 Bxe5 22. Nxe5 Bb7 23. Rgd1 Rxd2 24. Rxd2 Nc6 25. Rd7 Rc7 26. Rxc7 Nxc7 27. Nxc6 Bxc6 28. Kd2 Kf8 29. h5 g6 30. h6 Ke7 31. e5 Nd5 32. c4 Nb4 33.
Bb1 a5 34. a3 Na6 35. Kc3 Bf3 36. Bd3 Kd7 37. Bd2 Kc6 38. Bf1 Nc7 39. b4 axb4+ 40. axb4 cxb4+ 41. Kxb4 Na6+ 42. Kc3 Nc5 43. Be3 Bh1 44. Be2 Be4 45. Bd1 Bh1 46. Kd4 Bg2 47. Bc2 Nd7 48. Ba4+ Kc7 49. Bb5 Bc6 50. Ba6 Nc5 51. Bb5 Bxb5 52. cxb5 Nb3+ 53. Kc3 Nc5 54. Bxc5 bxc5 55. Kb3 Kb7 56. Kc3 Kc7 57. Kb3 Kb7 58. Kc3 Kc7 1/2-1/2

[Event "Early-Titled-Tuesday-Blitz-May-28-2024"]
[Site "Chess.com"]
[Date "2024.05.28"]
[Round "10"]
[White "Jeppesen08"]
[Black "biveklama"]
[Result "1-0"]
[WhiteElo "2497"]
[BlackElo "2602"]
[TimeControl "180+1"]
[EndTime "9:58:41 PDT"]
[Termination "Jeppesen08 won by resignation"]

1. g3 d5 2. Bg2 h5 3. Nf3 Nc6 4. d4 Nf6 5. O-O g6 6. c4 e6 7.
Nc3 Bg7 8. Bg5 Ne7 9. cxd5 exd5 10. e3 O-O 11. Rc1 c6 12. Ne5 Nf5 13. Qd2 Nd6 14.
f3 Qa5 15. Nd3 Re8 16. Qf2 Bf5 17. Nc5 b6 18. Nb3 Qa6 19. Bxf6 Bxf6 20. e4 Bg7 21.
exf5 Nxf5 22. Rfe1 Qc4 23. Bf1 Qb4 24. Red1 Ne3 25.
Rd3 Bh6 26. Re1 Nf5 27. Bh3 Rxe1+ 28. Qxe1 Nd6 29. f4 Re8 30. Re3 Rf8 31. Re5 Bg7 32. Kg2 Bxe5 33. dxe5 Ne4 34. e6 fxe6 35. Bxe6+ Kg7 36.
Qe3 Re8 37. Nxe4 dxe4 38. Bh3 Kh7 39. Qc3 Qe7 40. Kf2 e3+ 41. Ke2 c5 42. Nc1 Qe4 43. Qd3 Qe7 44. Bg2 Rf8 45. Qxe3 Rf6 46. Qxe7+ Kh6 47. Qxf6 1-0

[Event "Early-Titled-Tuesday-Blitz-May-28-2024"]
[Site "Chess.com"]
[Date "2024.05.28"]
[Round "10"]
[White "jumpingknight20"]
[Black "KononenkoD"]
[Result "1-0"]
[WhiteElo "2796"]
[BlackElo "2611"]
[TimeControl "180+1"]
[EndTime "9:58:42 PDT"]
[Termination "jumpingknight20 won on time"]

1. Nf3 c5 2. b3 Nf6 3. Bb2 e6 4. e3 Be7 5. Be2 O-O 6. c4 d5 7. O-O b6 8. cxd5 Nxd5 9. d4 cxd4 10. Nxd4 Bf6 11. Nd2 Bb7 12. Ne4 Be5 13. Nxe6 Qh4 14. Bxe5 Qxe4 15. Nxf8 Qxe5 16. Rc1 Kxf8 17. e4 Nf6 18.
Qd8+ Ne8 19. Bc4 Nc6 20. Qd7 Qe7 21. Qxe7+ Nxe7 22. e5 Bd5 23. Rfd1 Bxc4 24. Rxc4 Ng6 25. f4 Ke7 26. g3 Nf8 27. Rcd4 g6 28. Kf2 Nc7 29. Kf3 Nce6 30. Rd6 h5 31. h3 Rc8 32. g4 Rc3+ 33. Ke4 Rxh3 34. f5 Nc5+ 35. Kf4 gxf5 36. gxf5 Rh4+ 37. Kg5 Rg4+ 38. Kxh5 f6 39. exf6+ Kf7 40. Kxg4 Ne4 41. Rd7+ Nxd7 42. Rxd7+ Kxf6 43. Rxa7 Nf2+ 44. Kf3 Nd3 45. Rb7 Kxf5 46. Rxb6 Ke5 47. Rb8 Kd5 48. Rd8+ Kc6 49. Rxd3 1-0

[Event "Early-Titled-Tuesday-Blitz-May-28-2024"]
[Site "Chess.com"]
[Date "2024.05.28"]
[Round "10"]
[White "ritanovikova"]
[Black "briesmas"]
[Result "0-1"]
[WhiteElo "2171"]
[BlackElo "2377"]
[TimeControl "180+1"]
[EndTime "9:58:43 PDT"]
[Termination "briesmas won by checkmate"]

1. e4 c5 2. Nc3 d6 3. d3 g6 4. Be3 Bg7 5. Qd2 Nc6 6. g3 Nf6 7. Bh6 O-O 8. h4 Nd4 9. Bxg7 Kxg7 10. Nd1 h5 11. c3 Nc6 12. Be2 Bg4 13. f3 Be6 14.
Nh3 d5 15. Ng5 dxe4 16. Nxe6+ fxe6 17. fxe4 Ne5 18. Nf2 Qd6 19. O-O-O Nfg4 20. Nxg4 Nxg4 21. Bxg4 hxg4 22. h5 Rh8 23. Qg5 e5 24. Qxg4 Qf6 25. Rdf1 Qd6 26. Qg5 Raf8 27. Rxf8 Kxf8 28. Rf1+ Kg7 29.
hxg6 Rh2 30. Rf7+ Kg8 31. Rxe7 Rh1+ 32. Kc2 Rh2+ 33. Kb3 c4+ 34. Kxc4 Qc6+ 35. Kb3 Qb5+ 36. Ka3 Qxb2+ 37. Ka4 Qxa2+ 38. Kb5 Rb2+ 39. Kc5 Qa5+ 40. Kd6 Rb6+ 41. Kd7 Qb5+ 42. Kd8 Rd6+ 43. Kc8 Qc6+ 44. Rc7 Qe8+ 45. Kxb7 Rb6+ 46. Kxa7 Qb8# 0-1

[Event "Early-Titled-Tuesday-Blitz-May-28-2024"]
[Site "Chess.com"]
[Date "2024.05.28"]
[Round "10"]
[White "ViktoriyaTarasova"]
[Black "TitarovVasiliYouTube"]
[Result "0-1"]
[WhiteElo "2381"]
[BlackElo "2579"]
[TimeControl "180+1"]
[EndTime "9:58:44 PDT"]
[Termination "TitarovVasiliYouTube won on time"]

1. d4 d6 2. c4 Nf6 3. Nc3 e5 4.
Nf3 exd4 5. Nxd4 g6 6. e4 Bg7 7. Be2 O-O 8. Be3 Re8 9. f3 Nc6 10. O-O Nxd4 11. Bxd4 Be6 12. Qd2 c6 13. Rad1 Qc7 14.
Bf2 Rad8 15. Bg3 Qb6+ 16. Bf2 Qb4 17. Qd3 Nd7 18. f4 Qxb2 19. Bd4 Bxd4+ 20. Qxd4 c5 21. Qd3 Nb6 22. Rb1 Qa3 23. Rb3 Qa6 24. Nd5 Bxd5 25. exd5 Qxa2 26. Bg4 f5 27. Bxf5 Re7 28. Be6+ Kh8 29. f5 gxf5 30. Qc3+ Rg7 31. Qf3 Qd2 32. Rd3 Qc2 33. Bxf5 Nxc4 34. Rdd1 Qb2 35. Rde1 Ne5 36. Qf2 Qd4 37. Qxd4 cxd4 38. Rd1 Rf8 39. Rxd4 Rgf7 40.
Rdf4 b5 41. g4 b4 42. Rb1 a5 43. Rc1 Rb8 44. Rb1 Ra7 0-1

[Event "Early-Titled-Tuesday-Blitz-May-28-2024"]
[Site "Chess.com"]
[Date "2024.05.28"]
[Round "10"]
[White "MiguelBestard1981"]
[Black "JJDAREK"]
[Result "1/2-1/2"]
[WhiteElo "2279"]
[BlackElo "2347"]
[TimeControl "180+1"]
[EndTime "9:58:44 PDT"]
[Termination "Game drawn by repetition"]

1. d4 d6 2. Bf4 g6 3. e3 Bg7 4. h3 e5 5. Bh2 exd4 6. exd4 Ne7 7. Nf3 O-O 8. Be2 Nbc6 9. c3 Re8 10. O-O Nf5 11. Re1 b6 12. Nbd2 Bb7 13. Qb3 Bh6 14. Bc4 Qd7 15. Bb5 a6 16. Bd3 Nh4 17. Rxe8+ Rxe8 18.
Nxh4 Bxd2 19. Nf3 Bh6 20. Re1 Rxe1+ 21. Nxe1 Qe7 22. Qd1 Na5 23. Qe2 Qxe2 24. Bxe2 Bd5 25. b3 b5 26. Nd3 Bd2 27. Nb4 Bb7 28. Bf3 Bxf3 29. gxf3 Bxc3 30. Nd5 Bxd4 31. Nxc7 Nb7 32. Nxa6 Kf8 33. a4 bxa4 34. bxa4 Ke7 35. Nc7 Kd7 36.
Nb5 Bc5 37. Kf1 Kc6 38. Ke2 Bb4 39. Kd3 Bc5 40. Bg3 f5 41. Nd4+ Kd5 42. Nb5 g5 43. f4 g4 44. hxg4 fxg4 45. f5 h5 46. f6 Ke6 47. f7 Kxf7 48. a5 Nxa5 49. Nxd6+ Bxd6 50. Bxd6 Ke6 51. Bg3 Kf5 52. Ke2 Ke4 53. Bh4 Nc4 54. Bd8 Ne5 55. Be7 Nf3 56. Kf1 h4 57. Kg2 Kf4 58. Bd6+ Kf5 59. Bb8 Ne1+ 60. Kf1 Nd3 61. Kg2 h3+ 62. Kf1 Ke4 63. Kg1 Kf3 64.
Ba7 Nf4 65. Bb6 Ne2+ 66. Kh2 Nf4 67. Kg1 Nd3 68. Ba7 Nf4 69. Kh2 Nd3 70. Kg1 1/2-1/2

[Event "Early-Titled-Tuesday-Blitz-May-28-2024"]
[Site "Chess.com"]
[Date "2024.05.28"]
[Round "10"]
[White "rhwr"]
[Black "Kumi29"]
[Result "0-1"]
[WhiteElo "2337"]
[BlackElo "2574"]
[TimeControl "180+1"]
[EndTime "9:58:47 PDT"]
[Termination "Kumi29 won by checkmate"]

1. e4 e5 2. Nf3 Nf6 3. Nc3 Nc6 4. Bb5 Nd4 5. Bc4 Nxf3+ 6. Qxf3 d6 7. h3 Be7 8. O-O O-O 9. Ne2 c6 10. d3 b5 11. Bb3 Be6 12. Ng3 a5 13. c3 a4 14. Bc2 Qd7 15. d4 Qa7 16. Rd1 c5 17.
Be3 Rfd8 18. Nf5 Bxf5 19. Qxf5 Qc7 20. Rac1 Nd7 21. f4 g6 22. Qg4 h5 23. Qf3 exf4 24.
Bxf4 Qb6 25. Be3 Bf6 26. Rf1 cxd4 27. cxd4 Rf8 28. Rcd1 Rac8 29. Bb1 Bg7 30. g4 hxg4 31. hxg4 b4 32. Kg2 Nf6 33. e5 Nh7 34. Rh1 dxe5 35. Rxh7 Kxh7 36. Rh1+ Kg8 37. Qh3 f5 38.
gxf5 Qc6+ 39. Kg1 e4 40. Qh7+ Kf7 41. Bh6 Rg8 42. fxg6+ Qxg6+ 43. Qxg6+ Kxg6 44. Bxe4+ Kf6 45. Bf4 Bh6+ 46. Kf2 Bxf4 47. Rg1 Be3+ 48. Kxe3 Rxg1 49. Kf3 Re1 50. Kf4 Rxe4+ 51. Kf3 Rce8 52. Kg3 Kg5 53. Kf3 Re3+ 54. Kf2 Re2+ 55. Kf3 R8e3# 0-1

[Event "Early-Titled-Tuesday-Blitz-May-28-2024"]
[Site "Chess.com"]
[Date "2024.05.28"]
[Round "10"]
[White "Kielinkei"]
[Black "MikeSailer"]
[Result "0-1"]
[WhiteElo "2449"]
[BlackElo "2115"]
[TimeControl "180+1"]
[EndTime "9:58:47 PDT"]
[Termination "MikeSailer won by resignation"]

1. c4 Nf6 2. g3 c6 3. Bg2 d5 4.
Nf3 g6 5. b3 Bg7 6. Bb2 O-O 7.
O-O b6 8. d4 Bb7 9. Nc3 e6 10.
Rc1 Nbd7 11. Qc2 Rc8 12. Rfd1 Qe7 13. Qb1 Rfd8 14. e3 dxc4 15. bxc4 c5 16. d5 exd5 17. cxd5 Ne5 18. e4 Nxf3+ 19. Bxf3 Nd7 20. Re1 Ne5 21.
Bg2 Nc4 22. Ba1 Bd4 23. Nb5 Bxa1 24. Qxa1 Ne5 25. Rcd1 Ba6 26. Nc3 Nd3 27. Re3 c4 28. f4 Qc5 29. Re1 Nxe1 30. Qxe1 b5 31. e5 b4 32. Ne4 Qd4 33. Nf6+ Kg7 34. Kh1 c3 35. Re4 Qd2 36. d6 Qxe1+ 37. Rxe1 Bc4 38. d7 Rc7 39. Ne8+ Kf8 40. Nxc7 Bxa2 41. Na6 b3 42. Nc5 b2 43.
Be4 Ke7 44. Bb1 Bxb1 45. e6 c2 46. exf7+ Kxf7 47. Nb7 Rxd7 48. Nc5 Rd1 49. Rg1 Rxg1+ 50. Kxg1 c1=Q+ 51. Kg2 0-1

[Event "Early-Titled-Tuesday-Blitz-May-28-2024"]
[Site "Chess.com"]
[Date "2024.05.28"]
[Round "10"]
[White "MITerryble"]
[Black "platy3"]
[Result "1-0"]
[WhiteElo "3027"]
[BlackElo "2888"]
[TimeControl "180+1"]
[EndTime "9:58:48 PDT"]
[Termination "MITerryble won by resignation"]

1. c4 e5 2. Nc3 Nf6 3. Nf3 Nc6 4. e3 Bb4 5. Qc2 Bxc3 6. Qxc3 Qe7 7. d3 d5 8. cxd5 Nxd5 9. Qb3 Nb6 10. Bd2 Be6 11. Qc2 O-O 12. a3 a5 13. Be2 a4 14. O-O Rfd8 15.
Rac1 Bb3 16. Qc5 Qe6 17. Ng5 Qg6 18. Ne4 Rd5 19. Qc3 Rad8 20. Be1 Nd7 21. f4 exf4 22. Rxf4 f5 23. Ng3 Qe6 24. Bf2 Rc5 25. Qe1 g6 26. e4 Rxc1 27. Qxc1 fxe4 28. Nxe4 Rf8 29. Bg4 Qe5 30.
Rxf8+ Nxf8 31. Nc5 Nd4 32. Nxb7 h5 33. Qc5 Ne2+ 34.
Kf1 Qxc5 35. Nxc5 Nf4 36. Bf3 Kf7 37. g3 N4e6 38. Nxb3 axb3 39. Bd5 Ke7 40. Bxb3 Nd7 41. Be3 Nec5 42. Bc2 Ne6 43. b4 Kd6 44. d4 g5 45.
Bb3 Nb6 46. Ke2 Nd5 47. Kd3 h4 48. Bd2 h3 49. a4 c6 50. b5 cxb5 51. axb5 Nec7 52.
Bc4 g4 53. Ke4 Nf6+ 54. Kf5 Ncd5 55. Bxd5 Nxd5 56. Kxg4 Nf6+ 57. Kxh3 Ne4 1-0

[Event "Early-Titled-Tuesday-Blitz-May-28-2024"]
[Site "Chess.com"]
[Date "2024.05.28"]
[Round "10"]
[White "Dolphin_2010"]
[Black "ahkashefi2800"]
[Result "1-0"]
[WhiteElo "2752"]
[BlackElo "2556"]
[TimeControl "180+1"]
[EndTime "9:58:48 PDT"]
[Termination "Dolphin_2010 won by checkmate"]

1. d4 Nf6 2. Bg5 e6 3. c4 d5 4.
Nc3 Be7 5. e3 Nbd7 6. Nf3 O-O 7.
c5 h6 8. Bh4 Ne4 9. Bxe7 Qxe7 10. Nxe4 dxe4 11. Nd2 e5 12. Nxe4 exd4 13. Qxd4 Re8 14.
Bd3 Ne5 15. Bc2 Nc6 16. Qc3 Bf5 17. Ng3 Bxc2 18. Qxc2 Nb4 19. Qc4 Qxc5 20. Qxc5 Nd3+ 21. Ke2 Nxc5 22. Rac1 Ne6 23. Rc4 c6 24. Rhc1 Rad8 25.
a4 Rd5 26. b4 a5 27. Kf1 axb4 28. Rxb4 Rd7 29. Ne4 Ra8 30. Rcb1 Ra7 31. Ke2 Kf8 32.
g4 Ke7 33. Nc3 Kd8 34. h4 Kc8 35. Rc4 Nc7 36. h5 f6 37. Ne4 Nd5 38. Nc5 Re7 39.
Kf3 Nc7 40. Ne4 Rd7 41. Rbc1 Nd5 42. Nc5 Re7 43. Nd3 Nb6 44. Rb4 Nxa4 45. Ra1 b5 46.
Rc1 Rec7 47. Nf4 Nb6 48. Ne6 Nd5 49. Rd4 Rab7 50. e4 Nb6 51. Rd8# 1-0

[Event "Early-Titled-Tuesday-Blitz-May-28-2024"]
[Site "Chess.com"]
[Date "2024.05.28"]
[Round "10"]
[White "FairChess_on_YouTube"]
[Black "baki83"]
[Result "1/2-1/2"]
[WhiteElo "3088"]
[BlackElo "2931"]
[TimeControl "180+1"]
[EndTime "9:58:49 PDT"]
[Termination "Game drawn by repetition"]

1. Nf3 d5 2. d4 Nf6 3. c3 g6 4.
Bf4 Bg7 5. e3 O-O 6. Nbd2 b6 7.
h3 Bb7 8. Bd3 Nbd7 9. O-O Ne4 10.
a4 a6 11. Bh2 c5 12. Qc2 Nxd2 13. Qxd2 e6 14. b4 c4 15. Bc2 f5 16. b5 a5 17. Ne5 Nxe5 18. Bxe5 Bxe5 19. dxe5 Qc7 20. Qd4 Rf7 21. f4 Kf8 22. g4 Qc5 23. Kh2 Qxd4 24. exd4 Ke7 25. gxf5 exf5 26. Rg1 Rg8 27. h4 Bc8 28.
Rg3 Rfg7 29. Rag1 h5 30. Bd1 Kf7 31. Bf3 Be6 32. Rg5 Kf8 33. Re1 Kf7 34. Kg3 Kf8 35. Kf2 Kf7 36. Reg1 Kf8 37. Ke3 Kf7 38. R1g3 Kf8 39.
Kf2 Kf7 40. Rxg6 Rxg6 41. Bxh5 Rg7 42. Rg5 Rg8 43. Kg3 Bd7 44. Kf3 Rg7 45. Kf2 Rg8 46.
Kf3 Rg7 47. Kf2 Rg8 48. Kg3 Rg7 49. Bxg6+ Rxg6 50. h5 Rxg5+ 51. fxg5 Kg7 52. Kf4 Be6 53. Kg3 Kh7 54. Kf4 Kg7 55. Kg3 Bf7 56. Kh4 Be6 57. Kg3 1/2-1/2

[Event "Early-Titled-Tuesday-Blitz-May-28-2024"]
[Site "Chess.com"]
[Date "2024.05.28"]
[Round "10"]
[White "Shushik"]
[Black "MatthewG-p4p"]
[Result "0-1"]
[WhiteElo "2556"]
[BlackElo "2851"]
[TimeControl "180+1"]
[EndTime "9:58:49 PDT"]
[Termination "MatthewG-p4p won on time"]

1. e4 e6 2. d4 d5 3. Nd2 a6 4.
Ngf3 Nf6 5. e5 Nfd7 6. Bd3 c5 7. c3 Nc6 8. O-O g5 9. dxc5 g4 10. Nd4 Ndxe5 11. N2b3 Nxd3 12. Qxd3 e5 13. Nxc6 bxc6 14.
f3 gxf3 15. Qxf3 Be6 16. Qg3 Qb8 17. Bg5 Rg8 18. Qe3 a5 19. Bf6 e4 20. c4 a4 21.
cxd5 cxd5 22. Nd2 Qb5 23. Rac1 Rc8 24. Bd4 Rg6 25. Nb1 Bh6 26. Qf2 Bxc1 27. Rxc1 Qd3 28. Nc3 h5 29. Rd1 Qc4 30. Ne2 Bg4 31. Rf1 Rc7 32. Nf4 Rg8 33. Kh1 h4 34. Re1 h3 35.
Nxh3 Bxh3 36. gxh3 Qd3 37. h4 Kd8 38. Bf6+ Kc8 39. Be5 Re7 40. Bd6 Re6 41. Qxf7 Qf3+ 42. Qxf3 exf3 43. Rf1 Re3 44. Bg3 d4 45. h5 d3 46. h6 Rh8 47. Bf4 Re4 48. Rxf3 Rd4 49. Kg2 d2 50. Bxd2 Rxd2+ 51. Kg1 Rxh6 52. Kf1 Rhxh2 53.
Ke1 Rxb2 0-1

[Event "Early-Titled-Tuesday-Blitz-May-28-2024"]
[Site "Chess.com"]
[Date "2024.05.28"]
[Round "10"]
[White "Let_it_be_1"]
[Black "Gryffindorac8"]
[Result "0-1"]
[WhiteElo "2584"]
[BlackElo "2487"]
[TimeControl "180+1"]
[EndTime "9:58:50 PDT"]
[Termination "Gryffindorac8 won by resignation"]

1. e4 c5 2. Nf3 d6 3. d4 cxd4 4. Nxd4 Nf6 5. Nc3 a6 6. Be2 e5 7. Nb3 Be7 8. O-O Be6 9. f4 Qc7 10. f5 Bc4 11. a4 Nbd7 12. Kh1 O-O 13. g4 h6 14. g5 hxg5 15. Bxg5 Rfe8 16. Rg1 Nb6 17.
a5 Bxe2 18. Qxe2 Nbd7 19. Bh6 Bf8 20. Qg2 Nh5 21. Nd5 Qd8 22. Bg5 Ndf6 23. Rad1 Nxd5 24. Bxd8 Ndf4 25. Qg4 Raxd8 26. Nc1 Nf6 27. Qf3 d5 28.
exd5 N6xd5 29. Qe4 Nf6 30. Qf3 N6d5 31. c4 Nf6 32. Rxd8 Rxd8 33. Rd1 Rc8 34. b3 Rc5 35. Nd3 Nxd3 36. Qxd3 Rxa5 37. Qc3 Ra2 38. Qxe5 Ng4 39. Rd8 Nxe5 40. Re8 Nc6 41. Rc8 Nb4 42. f6 gxf6 43. Rc7 Nd3 44. Rxb7 Rb2 45. Rb6 Nc5 46. b4 Na4 47. Rb8 Rxb4 48. Rc8 Nb6 49. Rc6 Nxc4 50. Rxa6 Kg7 51. Rc6 Ne5 52. Rc3 Rb1+ 53. Kg2 Rb2+ 54. Kh3 Ng6 55. Rg3 Bd6 56. Kg4 Bxg3 57. hxg3 Rb4+ 0-1

[Event "Early-Titled-Tuesday-Blitz-May-28-2024"]
[Site "Chess.com"]
[Date "2024.05.28"]
[Round "10"]
[White "edgarhay012"]
[Black "Narek_Ghimoyan"]
[Result "0-1"]
[WhiteElo "2622"]
[BlackElo "2475"]
[TimeControl "180+1"]
[EndTime "9:58:51 PDT"]
[Termination "Narek_Ghimoyan won by resignation"]

1. e4 c6 2. d4 d5 3. Nc3 dxe4 4. Nxe4 Nf6 5. Nxf6+ exf6 6. c3 Bd6 7. Bd3 Na6 8.
Qc2 Nc7 9. Ne2 h5 10. O-O Nd5 11. a3 Kf8 12. f4 g6 13. c4 Ne7 14. Bd2 Kg7 15. Bc3 Bf5 16. Ng3 Qd7 17. Rae1 h4 18. Nxf5+ Nxf5 19. Bxf5 Qxf5 20. Qxf5 gxf5 21. c5 Bc7 22. Rf3 Rhe8 23. Kf1 Rxe1+ 24. Bxe1 Re8 25. Bxh4 Re4 26. Bf2 Bxf4 27. g3 Bc1 28. b4 Kg6 29. a4 f4 30. b5 fxg3 31. hxg3 f5 32. a5 a6 33. bxa6 bxa6 34. Rb3 Bd2 35. Rb6 Bxa5 36. Rxa6 Bc3 37. Rxc6+ Kg5 38. d5 Kg4 39. Kg2 Re2 40.
Rc8 Bd4 41. Rg8+ Kh5 42. g4+ fxg4 43. Kg3 Bxf2+ 44. Kf4 g3 45. Kf5 Kh6 46. c6 Rc2 47. Kf6 Bd4+ 48. Kxf7 g2 49. Ke6 g1=Q 50. Rxg1 Bxg1 51.
Kd7 Bh2 52. d6 Rd2 53. c7 Rxd6+ 54. Kc8 Rc6 55. Kb8 Rxc7 56. Ka8 Kg6 0-1

[Event "Early-Titled-Tuesday-Blitz-May-28-2024"]
[Site "Chess.com"]
[Date "2024.05.28"]
[Round "10"]
[White "Fraler15"]
[Black "AwareIdea"]
[Result "0-1"]
[WhiteElo "2218"]
[BlackElo "2479"]
[TimeControl "180+1"]
[EndTime "9:58:52 PDT"]
[Termination "AwareIdea won by resignation"]

1. d4 Nf6 2. c4 e6 3. Nf3 d5 4. Nc3 Bb4 5. cxd5 exd5 6. Bg5 h6 7. Bh4 g5 8. Bg3 Ne4 9. Nd2 Nxg3 10. hxg3 c6 11.
e3 Bf5 12. Be2 Nd7 13. O-O O-O 14. Rc1 Nf6 15. Nf3 Re8 16. Ne5 Nd7 17. Nd3 Bd6 18. Qd2 a5 19. a3 Kg7 20. f4 g4 21. Ne5 h5 22. Bd3 Qf6 23. Qc2 Bxd3 24. Qxd3 Rad8 25. e4 Qe6 26. f5 Nxe5 27. dxe5 Qxe5 28.
exd5 Qxg3 29. Qxg3 Bxg3 30. dxc6 bxc6 31. Rcd1 Be5 32.
Kf2 Bxc3 33. bxc3 Kf6 34. Rxd8 Rxd8 35. Ke3 Rd5 36. Ke4 Re5+ 37. Kd4 Rxf5 38. Rb1 h4 39.
Rb6 h3 40. Rxc6+ Kg7 41. gxh3 gxh3 42. Rb6 Rf4+ 43. Kd3 Ra4 44. Rb1 Rxa3 45. Rh1 Ra1 46. Rxh3 Kf6 47. Kd4 Ke6 48. Kc5 a4 49. c4 a3 50. Kc6 f5 51. c5 a2 52. Ra3 f4 53.
Kc7 Rc1 54. Rxa2 Rxc5+ 55. Kd8 Rc1 56. Ke8 Kf5 57. Kf7 f3 0-1

[Event "Early-Titled-Tuesday-Blitz-May-28-2024"]
[Site "Chess.com"]
[Date "2024.05.28"]
[Round "10"]
[White "rionelG"]
[Black "ural58"]
[Result "1-0"]
[WhiteElo "2315"]
[BlackElo "2415"]
[TimeControl "180+1"]
[EndTime "9:58:52 PDT"]
[Termination "rionelG won by resignation"]

1. e4 d5 2. exd5 Qxd5 3. Nc3 Qa5 4. d4 Nf6 5. Bc4 Nc6 6. d5 Nb4 7. Bd2 Qc5 8. Bb3 Nbxd5 9. Nxd5 Nxd5 10. c4 Nf6 11.
Qe2 Bg4 12. f3 Bf5 13. g4 Bg6 14. h4 h5 15. g5 Nd7 16. Nh3 e5 17. Nf4 O-O-O 18.
Nxg6 fxg6 19. O-O-O Bd6 20. Bc2 Nb6 21. b3 a5 22. Qe3 Qa3+ 23. Kb1 Bc5 24. Bc1 Bxe3 25. Bxa3 Rd4 26. Bxg6 Rf4 27. Be4 a4 28. Rd3 Bd4 29. Bc1 Rff8 30. Be3 c5 31. g6 Nd7 32. Bg5 Nf6 33.
Bxf6 Rxf6 34. bxa4 Kc7 35. Rb3 b6 36. Kc2 Rhf8 37.
Rhb1 Bf2 38. a5 Bxh4 39. axb6+ Kd6 40. b7 Rb8 41. Rb6+ Kc7 42. R6b5 Bf2 43. a4 h4 44. a5 Rd6 45. Rb6 Rxb6 46. Rxb6 h3 47. Rb1 h2 48. a6 Bg1 49. f4 exf4 50. a7 Bd4 51. axb8=Q+ Kxb8 52. Bf3 Be5 53. Kd3 Bd4 54. Ke4 Bb2 55. Rxb2 1-0